 Dungeon Crawl Stone Soup version 0.32-a0-576-g706899e69d (webtiles) character file.

Game seed: 3332418826029748790

18321 Pooter the Severer (level 12, -12/113 HPs)
             Began as a Minotaur Berserker on Feb 29, 2024.
             Was an Elder of Trog.
             Mangled by a two-headed ogre
             ... wielding a +0 giant club
              (17 damage)
             ... on level 1 of the Orcish Mines on Mar 1, 2024.
             The game lasted 01:18:45 (12389 turns).

Pooter the Severer (Minotaur Berserker)            Turns: 12389, Time: 01:18:46

Health: -12/113    AC: 20    Str: 24    XL:     12   Next: 26%
Magic:  11/11      EV:  8    Int:  6    God:    Trog [****..]
Gold:   507        SH:  0    Dex: 23    Spells: 11/11 levels left

rFire   . . .        a - +0 battleaxe
rCold   + . .        (shield currently unavailable)
rNeg    . . .        y - +1 plate armour
rPois   .            (helmet restricted)
rElec   .            v - +1 cloak {Stlth+}
rCorr   .            N - +1 pair of gloves
SInv    .            r - +3 pair of boots of Somewhere Else {rC+}
Will    .....        k - amulet of regeneration Stlth
                     g - +6 ring of dexterity
HPRegen 1.18/turn    z - +6 ring of dexterity
MPRegen 0.12/turn

%: no passive effects
@: hasted, silenced, very quick
A: horns 2, retaliatory headbutt
a: Renounce Religion


You were on level 1 of the Orcish Mines.
You worshipped Trog.
Trog was greatly pleased with you.
You visited 2 branches of the dungeon, and saw 11 of its levels.

You collected 1419 gold pieces.
You spent 912 gold pieces at shops.

Inventory:

Hand Weapons
 a - a +0 battleaxe (weapon)
   (You took it off an orc warrior on level 1 of the Orcish Mines)
 b - a +0 arbalest
   (You took it off a kobold blastminer on level 2 of the Orcish Mines)
 e - a +2 trident
   (You took it off a wight on level 7 of the Dungeon)
 o - a +1 falchion of flaming
   (You took it off an orc on level 3 of the Dungeon)
 u - a +0 halberd of flaming
   (You took it off a gnoll on level 4 of the Dungeon)
 w - a +2 quarterstaff of chaos
   (You took it off Crazy Yiuf on level 4 of the Dungeon)
 x - a +0 morningstar
   (You took it off an orc on level 5 of the Dungeon)
 H - a +0 sling
   (You found it on level 7 of the Dungeon)
 I - a +0 war axe of electrocution
   (You found it on level 4 of the Dungeon)
Missiles
 f - 32 poisoned darts
 n - 28 boomerangs (quivered)
 s - a curare-tipped dart
 G - 3 atropa-tipped darts
 Q - 89 stones
Armour
 r - the +3 pair of boots of Somewhere Else (worn) {rC+}
   (You found it on level 3 of the Dungeon)

   rC+:       It protects you from cold.
 v - a +1 cloak of stealth (worn)
   (You took it off Crazy Yiuf on level 4 of the Dungeon)
 y - a +1 plate armour (worn)
   (You found it on level 5 of the Dungeon)
 A - a +0 kite shield
   (You took it off a gnoll sergeant on level 7 of the Dungeon)
 J - a +0 chain mail of fire resistance
   (You took it off an orc warrior on level 1 of the Orcish Mines)
 N - a +1 pair of gloves (worn)
   (You bought it in a shop on level 2 of the Orcish Mines)
Jewellery
 g - a +6 ring of dexterity (left hand)
   (You found it on level 2 of the Dungeon)
 k - an amulet of regeneration (around neck)
   (You found it on level 7 of the Dungeon)
 z - a +6 ring of dexterity (right hand)
   (You found it on level 3 of the Dungeon)
Wands
 F - a wand of charming (2)
   (You took it off a kobold on level 9 of the Dungeon)
 M - a wand of quicksilver (1)
   (You bought it in a shop on level 2 of the Orcish Mines)
Scrolls
 c - 2 scrolls of noise {!r}
 i - a scroll of identify {@r1}
 m - 2 scrolls of silence
 p - 2 scrolls of fear
 q - a scroll of vulnerability {!r}
 t - 2 scrolls of teleportation {@r4}
 E - a scroll of summoning
 L - a scroll of revelation
 O - a scroll of blinking
Potions
 h - 2 potions of mutation {!q}
 l - 2 potions of heal wounds {@q2}
 B - a potion of cancellation
 D - a potion of curing {@q1}


   Skills:
 + Level 12.6 Fighting
 * Level 17.1 Axes
 * Level 9.9 Ranged Weapons
 + Level 1.0 Throwing
 - Level 2.4 Armour
 - Level 2.1 Dodging
 + Level 4.3 Evocations


You had 11 spell levels left.
You didn't know any spells.
Your spell library was empty.

Dungeon Overview and Level Annotations

Branches:
Dungeon (9/15) Zot: 25910  Temple (0/1) D:7             Orc (2/2) D:9 Zot: 8572
    Elf (0/3) Orc:2
   Lair: D:8-11

Altars:
Fedhas
Hepliaklqana
Kikubaaqudgha
Qazlal
Ru
Trog
Vehumet
Xom
The Shining One
Beogh

Shops:
Orc:1 :   Orc:2 =:?[*:

Annotations:
D:8 3 runed translucent doors
Orc:1 1 transporter, 1 runed translucent door


Innate Abilities, Weirdness & Mutations

You have a pair of horns on your head.
You reflexively headbutt those who attack you in melee.


Message History

There is a large open door here.
Found a potion of curing.
A two-headed ogre comes into view.
It is wielding two +0 giant clubs. 2 two-headed ogres come into view.
Found a shiny crystal plate armour.
You feel much better.
A moth of wrath comes into view.
Found a human skeleton.
The moth of wrath's fur bristles in rage as it notices you.
You slash the deep troll! You headbutt the deep troll.
The deep troll bites you! The deep troll claws you!
The deep troll barely misses you.
You closely miss the deep troll. You slash the two-headed ogre!
You slash the two-headed ogre! You slice the deep troll!!
The moth of wrath goads the two-headed ogre on!
The two-headed ogre goes berserk!
The deep troll bites you but does no damage.
The deep troll claws you but does no damage. x2
The two-headed ogre hits you with a +0 giant club! x2
You slash the two-headed ogre!
You headbutt the two-headed ogre, but do no damage.
You hit the deep troll but do no damage.
You slash the two-headed ogre!
The moth of wrath goads the two-headed ogre on!
The two-headed ogre goes berserk!
You hit the two-headed ogre but do no damage.
You headbutt the two-headed ogre! You closely miss the deep troll.
You slash the two-headed ogre!
The two-headed ogre hits you with a +0 giant club!
* * * LOW HITPOINT WARNING * * *
The two-headed ogre hits you with a +0 giant club!!
* * * LOW HITPOINT WARNING * * *
The deep troll bites you but does no damage.
The deep troll claws you!
* * * LOW HITPOINT WARNING * * *
The deep troll claws you!
* * * LOW HITPOINT WARNING * * *
You slash the two-headed ogre!
You kill the two-headed ogre!
Trog accepts your kill.
You slash the two-headed ogre! You closely miss the deep troll.
The deep troll bites you but does no damage.
The deep troll claws you!
* * * LOW HITPOINT WARNING * * *
The deep troll closely misses you.
The two-headed ogre closely misses you. x2
Your Throwing skill increases to level 1!
You slice the two-headed ogre!! You barely miss the two-headed ogre.
You slash the deep troll! The two-headed ogre barely misses you.
The two-headed ogre hits you with a +0 giant club!
You die...

........#y#...# ... ######.###
........###C$### .....##.......##
.........##...###)![..##........#
........©##©÷!#W+_:...##©........
.........##...## [[!..##.....##.#
........###''####.....##....#####
........#y#..C#y#.....####### ###
.....######...###O.⌠..#○#y #.#
.....# ##....@T....# # ##. ....)#
##...O.....#y ## .....#
############ ## .....#


#○#yeeee# #. ....)# ######### ## .....# # .....### .......# .......# You could
see a stone giant, a deep elf elementalist (repels missiles), 2 two-headed
ogres, a deep troll, 4 moths of wrath and 3 deep elf zephyrmancers.

Vanquished Creatures
  3 ogre magi (Orc:2)
  Erolcha (Orc:2)
  3 two-headed ogres
  Pikel (D:6)
  2 orc knights (Orc:1)
  8 orc sorcerers (Orc:2)
  2 kobold blastminers (Orc:2)
  A kobold demonologist (D:6)
  2 trolls (Orc:2)
  Prince Ribbit (D:5)
  Sigmund (D:2)
  A wyvern (D:7)
  A shadow (D:9)
  2 steam dragons
  5 yaks (D:8)
  2 wargs
  Menkaure (D:6)
  2 black bears (D:5)
  18 orc warriors
  3 ice beasts
  A sky beast (D:7)
  6 ogres
  2 lemures (D:6)
  3 phantoms
  Blork the orc (D:5)
  2 kobold brigands
  A bullfrog (D:9)
  A gnoll sergeant (D:7)
  6 scorpions
  5 wights (D:7)
  5 killer bees (D:8)
  Crazy Yiuf (D:4)
  6 hounds
  4 jellies
  8 orc priests
  3 iguanas
  34 orc wizards
  A sleepcap (D:6)
  8 ogre zombies (D:9)
  7 gnolls
  4 adders
  A white imp (D:7)
  4 ufetubi (D:6)
  4 dart slugs
  55 orcs
  4 bats
  10 endoplasms
  A giant cockroach (D:1)
  4 gnoll zombies (D:9)
  2 goblins (D:3)
  3 hobgoblins
  21 kobolds
  2 quokkas
  4 ball pythons
  2 frilled lizards
  4 orc skeletons (D:9)
  12 orc zombies (D:9)
  6 rats
308 creatures vanquished.

Vanquished Creatures (collateral kills)
  A kobold blastminer (Orc:2)
  An orc priest (D:7)
  A gnoll (D:4)
  An orc (Orc:2)
4 creatures vanquished.

Vanquished Creatures (others)
  A hound (D:5)
  An orc priest (D:5)
  An orc wizard (Orc:2)
  2 orcs (D:5)
5 creatures vanquished.

Grand Total: 317 creatures vanquished

Notes
Turn   | Place    | Note
-------+----------+-------------------------------------------
     0 | D:1      | Pooter the Minotaur Berserker began the quest for the Orb.
     0 | D:1      | Reached XP level 1. HP: 19/19 MP: 0/0
    94 | D:1      | Reached skill level 4 in Axes
   130 | D:1      | Reached XP level 2. HP: 17/27 MP: 1/1
   650 | D:1      | Reached XP level 3. HP: 29/33 MP: 2/2
   852 | D:2      | Noticed Sigmund
  1006 | D:2      | Killed Sigmund
  1007 | D:2      | Reached skill level 5 in Fighting
  1007 | D:2      | Reached skill level 6 in Axes
  1007 | D:2      | Reached XP level 4. HP: 42/42 MP: 3/3
  1007 | D:2      | Reached XP level 5. HP: 48/48 MP: 4/4
  1385 | D:2      | Reached ** piety under Trog
  2378 | D:3      | Identified the +3 pair of boots of Somewhere Else {rC+}
  2737 | D:4      | Reached skill level 7 in Axes
  2737 | D:4      | Reached XP level 6. HP: 57/57 MP: 5/5
  2838 | D:4      | Found a bloodstained altar of Trog.
  2838 | D:4      | Found a blossoming altar of Fedhas.
  2859 | D:4      | Noticed a steam dragon
  2869 | D:4      | Killed a steam dragon
  2968 | D:4      | Reached skill level 8 in Axes
  2991 | D:4      | Reached XP level 7. HP: 64/64 MP: 6/6
  3000 | D:4      | Found a glowing golden altar of the Shining One.
  3206 | D:4      | Found a runed translucent door.
  3207 | D:4      | Noticed Crazy Yiuf
  3463 | D:4      | Killed Crazy Yiuf
  3560 | D:5      | Entered Level 5 of the Dungeon
  3698 | D:5      | Found a hazy altar of Hepliaklqana.
  3776 | D:5      | Found a sacrificial altar of Ru.
  3804 | D:5      | Reached skill level 9 in Axes
  3899 | D:5      | Noticed Blork the orc
  3907 | D:5      | Killed Blork the orc
  3908 | D:5      | Reached XP level 8. HP: 73/73 MP: 7/7
  4058 | D:5      | Noticed Prince Ribbit
  4073 | D:5      | Killed Prince Ribbit
  4074 | D:5      | Reached skill level 10 in Axes
  4337 | D:5      | Found a stormy altar of Qazlal.
  4434 | D:5      | Reached skill level 11 in Axes
  4586 | D:6      | Noticed Pikel
  4803 | D:6      | Killed Pikel
  4804 | D:6      | Reached skill level 12 in Axes
  4804 | D:6      | Reached XP level 9. HP: 83/83 MP: 8/8
  4910 | D:6      | Noticed Menkaure
  4928 | D:6      | Killed Menkaure
  5045 | D:6      | Identified the +7 dagger "Vygiv" {freeze, MP+9 Str+5 Dex+3
                  | Stlth-}
  5296 | D:6      | Noticed a kobold demonologist
  5304 | D:6      | Noticed a soul eater
  5311 | D:6      | Noticed a rust devil
  5312 | D:6      | Killed a kobold demonologist
  5313 | D:6      | Reached skill level 13 in Axes
  5548 | D:6      | Reached skill level 10 in Fighting
  5830 | D:7      | Found a shimmering altar of Xom.
  6054 | D:7      | Found a staircase to the Ecumenical Temple.
  6108 | D:7      | Found an ancient bone altar of Kikubaaqudgha.
  6114 | D:7      | Reached skill level 1 in Ranged Weapons
  6721 | D:7      | Reached skill level 14 in Axes
  7003 | D:8      | Found a runed translucent gate.
  7003 | D:8      | Found a runed translucent gate.
  7003 | D:8      | Noticed a glowing orange brain
  7003 | D:8      | Noticed a white ugly thing
  7003 | D:8      | Noticed a purple ugly thing
  7003 | D:8      | Noticed a white ugly thing
  7004 | D:8      | Found a runed translucent gate.
  7005 | D:8      | Noticed a cyan ugly thing
  7078 | D:8      | Reached XP level 10. HP: 94/94 MP: 9/9
  8167 | D:9      | Noticed a two-headed ogre
  8174 | D:9      | Killed a two-headed ogre
  8175 | D:9      | Reached skill level 5 in Ranged Weapons
  8708 | D:9      | Reached *** piety under Trog
  8754 | D:9      | Reached skill level 15 in Axes
  8789 | D:9      | Found a staircase to the Orcish Mines.
  8819 | D:9      | Noticed a two-headed ogre
  8832 | D:9      | Killed a two-headed ogre
  8833 | D:9      | Reached skill level 1 in Evocations
  9058 | Orc:1    | Entered Level 1 of the Orcish Mines
  9106 | Orc:2    | Entered Level 2 of the Orcish Mines
  9106 | Orc:2    | Noticed a kobold blastminer
  9106 | Orc:2    | Noticed a kobold blastminer
  9222 | Orc:2    | Killed a kobold blastminer
  9228 | Orc:2    | Killed a kobold blastminer
  9273 | Orc:2    | Noticed a kobold blastminer
  9293 | Orc:2    | Killed a kobold blastminer
  9294 | Orc:2    | Reached XP level 11. HP: 81/102 MP: 10/10
  9408 | Orc:1    | Found Malo's Book Boutique.
  9580 | Orc:2    | Noticed an orc sorcerer
  9593 | Orc:2    | Killed an orc sorcerer
  9743 | Orc:2    | Found a staircase to the Elven Halls.
  9839 | Orc:2    | Noticed an orc sorcerer
  9857 | Orc:2    | Paralysed by an orc sorcerer for 5 turns
  9864 | Orc:2    | Killed an orc sorcerer
 10016 | Orc:2    | Upgraded the game from 0.32-a0-560-g4c7f4391e0 to
                  | 0.32-a0-576-g706899e69d
 10148 | Orc:2    | Found Plog's Book Boutique.
 10151 | Orc:2    | Found Ipsoeg Caqi's Assorted Antiques.
 10164 | Orc:2    | Bought a scroll of identify for 58 gold pieces
 10164 | Orc:2    | Bought a dark potion for 26 gold pieces
 10164 | Orc:2    | Bought a white potion for 26 gold pieces
 10164 | Orc:2    | Bought a scroll of revelation for 217 gold pieces
 10164 | Orc:2    | Bought a scroll of identify for 58 gold pieces
 10164 | Orc:2    | Bought a forked bronze wand for 116 gold pieces
 10317 | Orc:2    | Reached skill level 16 in Axes
 10327 | Orc:2    | Noticed an orc sorcerer
 10354 | Orc:2    | Noticed an ogre mage
 10361 | Orc:2    | Killed an ogre mage
 10514 | Orc:2    | Killed an orc sorcerer
 10754 | Orc:2    | Noticed an orc sorcerer
 10763 | Orc:2    | Noticed a soul eater
 10765 | Orc:2    | Killed an orc sorcerer
 11278 | Orc:2    | Found Fiock's Antique Armour Emporium.
 11285 | Orc:2    | Bought a pair of glowing gloves for 210 gold pieces
 11303 | Orc:2    | Found a radiant altar of Vehumet.
 11304 | Orc:2    | Noticed Erolcha
 11318 | Orc:2    | Killed Erolcha
 11319 | Orc:2    | Noticed an ogre mage
 11452 | Orc:2    | Noticed an orc sorcerer
 11459 | Orc:2    | Killed an orc sorcerer
 11466 | Orc:2    | Noticed an orc sorcerer
 11469 | Orc:2    | Noticed a sixfirhy
 11481 | Orc:2    | Killed an orc sorcerer
 11545 | Orc:2    | Found an ancient bone altar of Kikubaaqudgha.
 11552 | Orc:2    | Noticed an orc sorcerer
 11560 | Orc:2    | Killed an orc sorcerer
 11568 | Orc:2    | Found Herghab's Magic Scroll Shoppe.
 11587 | Orc:2    | Killed an ogre mage
 11588 | Orc:2    | Bought a scroll of identify for 26 gold pieces
 11588 | Orc:2    | Bought a scroll of blinking for 97 gold pieces
 11588 | Orc:2    | Bought a scroll of identify for 26 gold pieces
 11588 | Orc:2    | Bought a scroll of identify for 26 gold pieces
 11588 | Orc:2    | Bought a scroll of identify for 26 gold pieces
 11611 | Orc:2    | Noticed an orc sorcerer
 11617 | Orc:2    | Found a roughly hewn altar of Beogh.
 11617 | Orc:2    | Found Hiseuxeu's Book Shoppe.
 11617 | Orc:2    | Noticed an ogre mage
 11620 | Orc:2    | Killed an orc sorcerer
 11621 | Orc:2    | Reached XP level 12. HP: 113/113 MP: 11/11
 11639 | Orc:2    | Killed an ogre mage
 11657 | Orc:2    | Found Untuamie's Jewellery Emporium.
 11842 | Orc:1    | Reached **** piety under Trog
 12007 | Orc:1    | Noticed a stone giant
 12116 | Orc:1    | Reached skill level 17 in Axes
 12150 | Orc:1    | Found a transporter.
 12357 | Orc:1    | Found a transporter.
 12357 | Orc:1    | Found a runed translucent door.
 12357 | Orc:1    | Found a bloodstained altar of Trog.
 12357 | Orc:1    | Found the necklace of Bloodlust {Fury *Rage Will++ Int-3
                  | Slay+6}
 12378 | Orc:1    | Noticed a two-headed ogre
 12379 | Orc:1    | Noticed a two-headed ogre
 12379 | Orc:1    | Noticed a two-headed ogre
 12379 | Orc:1    | Noticed a deep elf elementalist
 12388 | Orc:1    | Killed a two-headed ogre
 12388 | Orc:1    | HP: 5/113 [deep troll (10)]
 12389 | Orc:1    | Reached skill level 1 in Throwing
 12389 | Orc:1    | Mangled by a two-headed ogre

Illustrated notes

Levels and vault maps discovered:
D:1:      dpeg_arrival_refuge, layout_basic
D:2:      layout_loops_ring, uniq_sigmund
D:3:      layout_loops_corners, lemuel_flame_loot_1
D:4:      layout_cave_pools, mainiacjoe_overflow_boulevard,
          nicolae_overflow_two_pavilions, uniq_crazy_yiuf_cottage
D:5:      layout_loops_ring, nicolae_ru_awakened_eye, kennysheep_little_box,
          nicolae_hepliaklqana_hippocampus, kennysheep_generic_room_5,
          uniq_blork_the_orc, uniq_prince_ribbit1
D:6:      layout_loops_ring, kennysheep_nondescript,
          serial_library_hellmonk_u_bend, uniq_menkaure, uniq_pikel
D:7:      layout_layer_cave, lemuel_doored_altar, old_standard_altar,
          minmay_temple_entry_proselytizer
D:8:      layout_basic, ploomutoo_gammafunk_ghost_potion_laboratory,
          amethyst_killhole
D:9:      layout_stronghold, zombieorc2_lemuel, uniq_harold
Orc:1:    emtedronai_trogs_sanctum, layout_diamond_mine, serial_shops,
          nicolae_shop_real_fake_doors, nicolae_orc_crystal_seam
Orc:2:    kennysheep_orc_mage_school, layout_diamond_mine, serial_shops, shop,
          nicolae_shop_statue_plus

Skill      XL: |  1  2  3  4  5  6  7  8  9 10 11 12 |
---------------+-------------------------------------+-----
Axes           | 4 6 7 8 9 12 14 15 16 17 | 17.1
Fighting       | 4 5 6 7 9 10 11 12 | 12.6
Ranged Weapons | 2 6 9 |  9.9
Evocations     | 1 3 4 |  4.3
Throwing       | 1 |  1.0
Armour         | |  2.4
Dodging        | |  2.1

Action                     |  1- 3 |  4- 6 |  7- 9 | 10-12 || total
---------------------------+-------+-------+-------+-------++-------
  Melee: Hand axe          |    49 |       |       |       ||    49
         Headbutt          |     9 |    15 |    47 |    74 ||   145
         Halberd           |       |    52 |       |       ||    52
         Falchion          |       |    16 |       |       ||    16
         War axe           |       |    14 |   183 |   162 ||   359
         Battleaxe         |       |       |       |   150 ||   150
   Fire: Sling             |       |       |     2 |    58 ||    60
         Arbalest          |       |       |       |    81 ||    81
  Throw: Dart              |     2 |     7 |    15 |     4 ||    28
         Boomerang         |       |       |       |     9 ||     9
 Invoke: Berserk           |     2 |     3 |     9 |    10 ||    24
         Trog's Hand       |       |     2 |     5 |    26 ||    33
  Evoke: Wand              |       |       |     6 |    14 ||    20
    Use: Scroll            |     2 |     3 |     8 |     9 ||    22
         Potion            |       |       |       |     3 ||     3
   Stab: Betrayed ally     |       |       |       |     1 ||     1
         Invisible         |       |       |       |     3 ||     3
 Armour: Ring mail         |    30 |    59 |    10 |       ||    99
         Plate armour      |       |       |   137 |   262 ||   399
  Dodge: Dodged            |    30 |    41 |    60 |    85 ||   216
  Block: Kite shield       |       |       |    12 |    39 ||    51

Table legend: (Time is in decaauts)
 A = Elapsed time spent in this place.
 B = Non-inter-level travel time spent in this place.
 C = Inter-level travel time spent in this place.
 D = Time resting spent in this place.
 E = Time spent auto-exploring this place.
 F = Levels seen in this place.
 G = Mean time per level.
                   A        B        C        D        E       F      G
               +--------+--------+--------+--------+--------+-----+--------+
         Total |  12654 |  12191 |    463 |   3212 |   6130 |  11 | 1150.4 |
       Dungeon |   9227 |   8893 |    334 |   1845 |   5454 |   9 | 1025.2 |
  Orcish Mines |   3426 |   3297 |    129 |   1367 |    676 |   2 | 1713.0 |
               +--------+--------+--------+--------+--------+-----+--------+

Top non-repeatable levels by time:
   Orc:2: 2446 daAuts
     D:7: 1217 daAuts
     D:5: 1215 daAuts
     D:3: 1094 daAuts
     D:9: 1089 daAuts
     D:8: 1034 daAuts
     D:6: 1022 daAuts
   Orc:1: 979 daAuts
     D:1: 928 daAuts
     D:4: 922 daAuts
     D:2: 704 daAuts
